 Dungeon Crawl Stone Soup version 0.20-a0-470-gbb038bd (webtiles) character file.

6681 Colliwobble the Carver (level 10, -9/86 HPs)
             Began as a Minotaur Fighter on Jan 13, 2017.
             Was a High Priest of Okawaru.
             Mangled by a two-headed ogre
             ... wielding a cursed -1 giant club
              (11 damage)
             ... on level 9 of the Dungeon.
             The game lasted 00:17:15 (6771 turns).

Colliwobble the Carver (Minotaur Fighter)           Turns: 6771, Time: 00:17:16

Health: -9/86      AC: 17    Str: 24    XL:     10   Next: 73%
Magic:  15/15      EV:  4    Int:  5    God:    Okawaru [*****.]
Gold:   494        SH:  9    Dex: 10    Spells: 9/9 levels left

rFire  . . .     SeeInvis .     a - +0 long sword
rCold  . . .     Gourm    .     u - +0 plate armour
rNeg   . . .     Faith    .     c - +0 shield
rPois  .         Spirit   .     R - +2 hat
rElec  .         Reflect  .     g - +0 cloak
rCorr  .         Harm     .     (no gloves)
MR     .....                    q - +0 pair of boots
Stlth  ..........               (no amulet)
                                (no ring)
                                (no ring)

@: very slightly contaminated, hasted, very quick
A: retaliatory headbutt, horns 2
a: Heroism, Finesse, Renounce Religion


You were on level 9 of the Dungeon.
You worshipped Okawaru.
Okawaru was extremely pleased with you.
You were not hungry.

You visited 2 branches of the dungeon, and saw 10 of its levels.

You collected 494 gold pieces.

Inventory:

Hand Weapons
 a - a +0 long sword (weapon)
Missiles
 M - 4 javelins of penetration (quivered)
 P - a throwing net
Armour
 c - a +0 shield (worn)
 g - a +0 cloak (worn)
 q - a +0 pair of boots (worn)
 u - a +0 plate armour (worn)
 B - a +2 scale mail of fire resistance
 R - a +2 hat (worn)
Jewellery
 I - an uncursed ring of ice
 Q - the amulet of the Air {Inacc +Fly rElec EV+5 RMsl}
   (You found it on level 8 of the Dungeon)

   [amulet of inaccuracy]

   It reduces the accuracy of all your attacks.
   It affects your evasion (+5).
   It insulates you from electricity.
   It lets you fly.
   It protects you from missiles.
Wands
 v - a wand of disintegration (11/24)
 H - a wand of iceblast (7/15)
 J - a wand of iceblast (6/15)
 O - a wand of polymorph (22/24)
Scrolls
 e - 8 scrolls of remove curse
 h - 2 scrolls of random uselessness {unknown}
 i - 2 scrolls of recharging {unknown}
 l - 2 scrolls of immolation {unknown}
 m - 3 scrolls of noise {unknown}
 n - 2 scrolls of magic mapping {unknown}
 s - 5 scrolls of teleportation {unknown}
 x - 2 scrolls of amnesia {unknown}
 y - 3 scrolls of identify
 A - 4 scrolls of fear {unknown}
 D - 2 scrolls of enchant weapon {unknown}
 N - a scroll of blinking {unknown}
 S - 3 scrolls of fog {unknown}
Potions
 d - 3 potions of might
 k - 2 potions of agility
 o - a potion of magic
 p - 2 potions of haste
 r - 3 potions of curing
 t - 2 potions of cancellation
 z - 5 potions of lignification {unknown}
 E - a potion of berserk rage {unknown}
 F - 3 potions of mutation {unknown}
 G - 2 potions of resistance {unknown}
 K - a potion of heal wounds {unknown}
 L - 2 potions of flight {unknown}
Comestibles
 f - 10 bread rations
 j - 4 meat rations
 w - 3 slices of pizza
 C - 8 beef jerkies


   Skills:
 + Level 7.3 Fighting
 - Level 14.0 Long Blades
 + Level 6.7 Armour
 - Level 3.6 Shields
 - Level 8.6 Invocations


You had 9 spell levels left.
You didn't know any spells.

Dungeon Overview and Level Annotations

Branches:
Dungeon (9/15)             Temple (1/1) D:4            Lair (0/6) D:9
    Orc: D:9-12

Altars:
Ashenzari
Cheibriados
Dithmenos
Elyvilon
Fedhas
Gozag
Hepliaklqana
Kikubaaqudgha
Makhleb
Nemelex Xobeh
Okawaru
Qazlal
Ru
Sif Muna
Trog
Uskayaw
Vehumet
Xom
Yredelemnul
Zin
The Shining One

Shops:
D:5 [


Innate Abilities, Weirdness & Mutations

You reflexively headbutt those who attack you in melee.
You have a pair of horns on your head.


Message History

The ogre shouts!
You block the two-headed ogre's attack.
The two-headed ogre hits you with a giant club!
* * * LOW HITPOINT WARNING * * *
All of the chunks of flesh in your inventory have rotted away.
Unknown command.
You feel yourself speed up.
You are very lightly contaminated with residual magic.
You block the ogre's attack. You block the ogre's attack.
You hit the two-headed ogre but do no damage.
The two-headed ogre is moderately wounded.
The ogre hits you with a giant club!
* * * LOW HITPOINT WARNING * * *
You hit the two-headed ogre but do no damage.
Your headbutt misses the two-headed ogre.
The two-headed ogre is moderately wounded.
The two-headed ogre hits you but does no damage.
The two-headed ogre hits you with a giant club!
You die...

# ## #. #. ..#####
#.###### ...>...
###......##. ...#....
#........##..#.......
#.##@O...##..#.#.#...
#OO...##..#.#.....
+.....##..#.######
#.....##....#
#.######....######
#.########........
#......#....######
######.##.#.######
#..#[##.#.#.....


You could see a two-headed ogre and 2 ogres.

Vanquished Creatures
  Gastronok (D:9)
  2 two-headed ogres
  The ghost of Zizzlebop the Covered, a novice MiFi (D:5)
  A hornet (D:8)
  2 hippogriffs
  A yak (D:9)
  2 hungry ghosts
  An orc warrior (D:7)
  A black bear (D:9)
  2 ice beasts (D:6)
  A phantom (D:5)
  A necrophage (D:6)
  4 ogres
  2 crocodiles (D:9)
  2 big kobolds
  A bullfrog (D:9)
  2 scorpions
  6 crimson imps
  A jelly (D:7)
  2 orc priests
  4 hounds
  5 orc wizards
  Ijyb (D:2)
  2 centaur skeletons (D:9)
  2 iguanas
  8 worker ants
  A hound zombie (D:8)
  2 hound skeletons
  A howler monkey zombie (D:5)
  Robin (D:2)
  10 adders
  2 shadow imps (D:5)
  An ooze (D:7)
  2 adder skeletons
  A worm (D:3)
  A dart slug (D:3)
  2 leopard geckos
  18 orcs
  6 bats
  5 giant cockroaches
  2 hobgoblins (D:2)
  7 jackals
  12 kobolds
  2 quokkas
  2 frilled lizards (D:2)
  17 goblins
  A leopard gecko skeleton (D:7)
  10 rats
164 creatures vanquished.

Notes
Turn   | Place    | Note
-------+----------+-------------------------------------------
     0 | D:1      | Colliwobble the Minotaur Fighter began the quest for the Orb.
     0 | D:1      | Reached XP level 1. HP: 19/19 MP: 0/0
   509 | D:1      | Reached skill level 3 in Long Blades
   809 | D:2      | Reached XP level 2. HP: 25/26 MP: 1/1
   844 | D:2      | Reached skill level 4 in Long Blades
   848 | D:2      | Noticed Robin
   864 | D:2      | Killed Robin
   864 | D:2      | Reached XP level 3. HP: 21/31 MP: 2/2
  1281 | D:2      | Noticed Ijyb
  1297 | D:2      | Killed Ijyb
  1297 | D:2      | Reached skill level 5 in Long Blades
  1297 | D:2      | Reached XP level 4. HP: 39/39 MP: 3/3
  1651 | D:3      | Reached skill level 6 in Long Blades
  1827 | D:3      | Reached XP level 5. HP: 45/45 MP: 4/4
  1991 | D:3      | Found a hide-covered altar of Uskayaw.
  1991 | D:3      | Found a shadowy altar of Dithmenos.
  2461 | D:4      | Reached skill level 7 in Long Blades
  2698 | D:4      | Found a staircase to the Ecumenical Temple.
  2713 | Temple   | Entered the Ecumenical Temple
  2885 | Temple   | Became a worshipper of Warmaster Okawaru
  2931 | D:5      | Entered Level 5 of the Dungeon
  2984 | D:5      | Noticed an ogre
  2992 | D:5      | Killed an ogre
  2992 | D:5      | Reached skill level 8 in Long Blades
  2992 | D:5      | Reached XP level 6. HP: 51/51 MP: 5/5
  2999 | D:5      | Reached * piety under Okawaru
  3237 | D:5      | Noticed Zizzlebop's ghost (novice MiFi)
  3261 | D:5      | Killed Zizzlebop's ghost
  3261 | D:5      | Reached ** piety under Okawaru
  3261 | D:5      | Reached skill level 10 in Long Blades
  3261 | D:5      | Reached XP level 7. HP: 41/57 MP: 3/6
  3313 | D:5      | Found Cuolua Qiane's Armour Shop.
  3429 | D:5      | Reached skill level 1 in Invocations
  3504 | D:5      | Found a sacrificial altar of Ru.
  3590 | D:6      | Noticed a two-headed ogre
  3601 | D:6      | Killed a two-headed ogre
  3601 | D:6      | Reached *** piety under Okawaru
  3601 | D:6      | Received a gift from Okawaru
  3601 | D:6      | Reached skill level 11 in Long Blades
  3601 | D:6      | Reached XP level 8. HP: 44/64 MP: 5/10
  3683 | D:6      | Reached **** piety under Okawaru
  3819 | D:6      | Reached skill level 5 in Invocations
  3850 | D:6      | Reached skill level 12 in Long Blades
  4215 | D:7      | Reached XP level 9. HP: 69/70 MP: 11/11
  4404 | D:7      | Reached skill level 13 in Long Blades
  4824 | D:7      | Reached ***** piety under Okawaru
  5236 | D:7      | Reached skill level 14 in Long Blades
  5568 | D:8      | Paralysed by a hornet for 3 turns
  5574 | D:8      | Paralysed by a hornet for 1 turns
  5575 | D:8      | Reached skill level 5 in Fighting
  5927 | D:9      | Found a staircase to the Lair.
  5953 | D:9      | Reached XP level 10. HP: 55/83 MP: 13/13
  6180 | D:9      | Noticed a two-headed ogre
  6190 | D:9      | Killed a two-headed ogre
  6579 | D:9      | Noticed Gastronok
  6621 | D:9      | Killed Gastronok
  6738 | D:9      | Noticed a two-headed ogre
  6742 | D:9      | Received a gift from Okawaru
  6770 | D:9      | HP: 2/86 [ogre/giant club (9)]
  6771 | D:9      | Mangled by a two-headed ogre

Vault maps used:
D:1:      kennysheep_arrival_seaside
D:2:      uniq_iyjb, uniq_robin
D:3:      gammafunk_temple_overflow_wave, first_bread
D:5:      kennysheep_mini_moat, minmay_shop_grid_forest
D:7:      grunt_ogre_cave, st_stairs_13
D:9:      david_lair_generic, cheibriados_altar_1, uniq_gastronok
Temple:   dpeg_five_rooms_temple

Skill      XL: |  1  2  3  4  5  6  7  8  9 10 |
---------------+-------------------------------+-----
Long Blades    | 3 4 5 6 8 10 11 12 14 | 14.0
Invocations    | 4 5 6 8 |  8.6
Fighting       | 6 7 |  7.3
Armour         | 6 |  6.7
Shields        | |  3.6

Action                   |  1- 3 |  4- 6 |  7- 9 | 10-12 || total
-------------------------+-------+-------+-------+-------++-------
Melee: Long sword        |    77 |   124 |   288 |    83 ||   572
       Headbutt          |    11 |    28 |    61 |    31 ||   131
 Fire: Hunting sling     |       |     8 |     4 |       ||    12
Throw: Stone             |       |     1 |       |       ||     1
       Javelin           |       |       |    13 |     6 ||    19
Invok: Heroism           |       |     1 |     1 |     1 ||     3
       Finesse           |       |       |       |     1 ||     1
Evoke: Wand              |       |     1 |       |       ||     1
  Use: Scroll            |       |       |     5 |     1 ||     6
       Potion            |       |       |       |     1 ||     1
  Eat: Chunk             |     1 |     6 |    10 |     3 ||    20
       Meat ration       |       |       |     1 |       ||     1
Armor: Scale mail        |    28 |    52 |    70 |       ||   150
       Plate armour      |       |       |    41 |    25 ||    66
Dodge: Dodged            |    29 |    30 |    38 |     7 ||   104
Block: Shield            |    43 |    52 |   104 |    19 ||   218
       Rpst.: Long sword |     4 |     7 |     8 |     2 ||    21
